 Dungeon Crawl Stone Soup version 0.26-a0-690-gcb57259078 (webtiles) character file.

Game seed: 4718877397497741182

28 knot the Chopper (level 3, 27/29 HPs)
             Began as a Demonspawn Berserker on Oct 24, 2020.
             Was a Follower of Trog.
             Quit the game on level 1 of the Dungeon.
             The game lasted 00:00:49 (1349 turns).

knot the Chopper (Demonspawn Berserker)             Turns: 1349, Time: 00:00:49

Health: 27/29      AC:  2    Str: 17    XL:     3   Next: 0%
Magic:  3/3        EV: 12    Int:  9    God:    Trog [*.....]
Gold:   53         SH:  0    Dex: 12    Spells: 2/2 levels left

rFire    . . .     SeeInvis .   a - +0 hand axe
rCold    . . .     Faith    .   (no shield)
rNeg     . . .     Spirit   .   b - +0 animal skin
rPois    .         Reflect  .   (helmet restricted)
rElec    .         Harm     .   (no cloak)
rCorr    .         Rampage  .   (no gloves)
MR       .....                  (no boots)
Stlth    +.........             (no amulet)
HPRegen  0.09/turn              (no ring)
MPRegen  0.08/turn              (no ring)

@: no status effects
A: horns 1, powered by pain 1
a: Berserk, Renounce Religion


You were on level 1 of the Dungeon.
You worshipped Trog.
Trog was aware of your devotion.
You visited 1 branch of the dungeon, and saw 1 of its levels.

You collected 53 gold pieces.

Inventory:

Hand Weapons
 a - a +0 hand axe (weapon)
 c - a +0 dagger
 g - a +0 club
 h - a +0 club
 i - a +0 club
 k - a +0 mace
Missiles
 e - 44 arrows
 f - 19 stones (quivered)
 m - 17 poisoned darts
Armour
 b - a +0 animal skin (worn)
Scrolls
 d - 2 scrolls of remove curse {unknown}
 l - a scroll of amnesia {unknown}
Potions
 j - a potion of curing {unknown}


   Skills:
 - Level 3.0 Fighting
 * Level 3.3 Axes
 * Level 1.5 Throwing
 - Level 1.7 Armour
 - Level 1.7 Dodging


You had 2 spell levels left.
You didn't know any spells.
Your spell library was empty.

Dungeon Overview and Level Annotations

Branches:
Dungeon (1/15)

Altars:


Innate Abilities, Weirdness & Mutations

You have a pair of small horns on your head.
You sometimes gain a little power by taking damage.


Message History

l - a scroll labeled XIHIPPA UCIA
m - 17 poisoned darts No target in view!
A hobgoblin comes into view. It is wielding a +0 club.
A hobgoblin comes into view.
The hobgoblin shouts!
You hear an angry hiss.
A leopard gecko comes into view.
You closely miss the hobgoblin. The hobgoblin hits you with a +0 club.
You hit the hobgoblin. You headbutt the hobgoblin.
You kill the hobgoblin!
Trog accepts your kill.
You slash the hobgoblin!
You kill the hobgoblin!
Trog accepts your kill.
You have reached level 3!
Your experience leads to an increase in your attributes!
Increase (S)trength, (I)ntelligence, or (D)exterity?
You feel clever.
Your demonic ancestry asserts itself...
You feel energised by your suffering.
Are you sure you want to abandon this character and quit the game? (Confirm with "yes".)

#...## #..#### ##...#
####..### #...##
#.##....# ##...#
#.....#.. #...##
#.....### #...#
#.....# #...#
####.....#
##.#####.....#.....#
#...@l......#.....###
#################....
#.### #.# # #.###
#.#.. #..†. #.#.#
#.#..


You could see a leopard gecko.

Vanquished Creatures
  2 dart slugs (D:1)
  2 leopard geckos (D:1)
  A bat (D:1)
  3 giant cockroaches (D:1)
  A goblin (D:1)
  6 hobgoblins (D:1)
  2 frilled lizards (D:1)
  2 kobolds (D:1)
  A rat (D:1)
20 creatures vanquished.

Notes
Turn   | Place    | Note
-------+----------+-------------------------------------------
     0 | D:1      | knot the Demonspawn Berserker began the quest for the Orb.
     0 | D:1      | Reached XP level 1. HP: 18/18 MP: 1/1
   568 | D:1      | Gained mutation: You have a pair of small horns on your
                  | head. [demonic ancestry]
   568 | D:1      | Reached XP level 2. HP: 24/24 MP: 2/2
   610 | D:1      | Reached skill level 1 in Throwing
  1348 | D:1      | Gained mutation: You sometimes gain a little power by
                  | taking damage. [demonic ancestry]
  1348 | D:1      | Reached XP level 3. HP: 27/29 MP: 3/3
  1349 | D:1      | Quit the game

Illustrated notes

Levels and vault maps discovered:
D:1:      dpeg_arrival_snail, layout_basic, serial_curves, eino_curves_02,
          eino_curves_04, eino_curves_01, eino_curves_03

Skill      XL: |  1  2 |
---------------+-------+-----
Axes           | 3 |  3.3
Throwing       | 1 |  1.5
Fighting       | |  3.0
Armour         | |  1.7
Dodging        | |  1.7

Action                   || total
-------------------------++-------
Melee: Hand axe          ||    59
       Headbutt          ||     7
Invok: Berserk           ||     1
Armor: Animal skin       ||    10
Dodge: Dodged            ||    27

Table legend: (Time is in decaauts)
 A = Elapsed time spent in this place.
 B = Non-inter-level travel time spent in this place.
 C = Inter-level travel time spent in this place.
 D = Time resting spent in this place.
 E = Time spent auto-exploring this place.
 F = Levels seen in this place.
 G = Mean time per level.
                   A        B        C        D        E       F      G
               +--------+--------+--------+--------+--------+-----+--------+
         Total |   1368 |   1368 |      0 |    654 |    574 |   1 | 1368.0 |
       Dungeon |   1368 |   1368 |      0 |    654 |    574 |   1 | 1368.0 |
               +--------+--------+--------+--------+--------+-----+--------+

Top non-repeatable levels by time:
     D:1: 1368 daAuts
